 Dungeon Crawl Stone Soup version 0.25-a0-1133-g93ebf739aa (webtiles) character file.

Game seed: 14848176534955878166, levelgen mode: deterministic

17661 gruber the Frost Mage (level 12, -1/99 HPs)
             Began as a Barachi Ice Elementalist on May 21, 2020.
             Was an Elder of Vehumet.
             Slain by an unseen horror (3 damage)
             ... on level 12 of the Dungeon.
             The game lasted 00:37:02 (22186 turns).

gruber the Frost Mage (Barachi Ice Elementalist)   Turns: 22186, Time: 00:37:03

Health: -1/99      AC:  3    Str: 11    XL:     12   Next: 50%
Magic:  3/23       EV: 15    Int: 19    God:    Vehumet [****..]
Gold:   649        SH: 11    Dex: 13    Spells: 11/26 levels left

rFire    . . .     SeeInvis +   E - +5 hunting sling of Duty {speed, rElec MR+}
rCold    . . .     Gourm    .   o - +0 buckler
rNeg     . . .     Faith    .   a - +0 robe
rPois    .         Spirit   .   (no helmet)
rElec    +         Reflect  +   u - +0 cloak
rCorr    .         Harm     .   (no gloves)
MR       +....                  (no boots)
Stlth    ++........             B - amulet of reflection
HPRegen  0.26/turn              q - ring of see invisible
MPRegen  0.18/turn              x - ring of wizardry

@: can't hop, frozen ramparts, slow
A: +LOS, swims, slowness 1, strong legs 1
a: Hop, Renounce Religion


You were on level 12 of the Dungeon.
You worshipped Vehumet.
Vehumet was greatly pleased with you.
You were hungry.

You visited 2 branches of the dungeon, and saw 14 of its levels.
You also visited: Sewer and Ossuary.

You collected 649 gold pieces.

Inventory:

Hand Weapons
 E - the +5 hunting sling of Duty (weapon) {speed, rElec MR+}
   (You took it off an orc on level 10 of the Dungeon)

   Attacks with this weapon are significantly faster.
   It insulates you from electricity.
   It affects your resistance to hostile enchantments.
 V - a +4 scimitar of flaming
Missiles
 h - 45 poisoned darts
 y - 3 javelins
 A - 4 curare-tipped darts
 C - 32 sling bullets
 G - 199 stones (quivered)
Armour
 a - a +0 robe (worn)
 o - a +0 buckler (worn)
 u - a +0 cloak (worn)
 D - a +0 pair of gloves
Jewellery
 q - a ring of see invisible (left hand)
 x - a ring of wizardry (right hand)
 B - an amulet of reflection (around neck)
 Q - an uncursed ring of fire
 U - an uncursed ring of fire
Wands
 f - a wand of polymorph (7)
 t - a wand of digging (6)
 v - a wand of iceblast (31)
 F - a wand of enslavement (9)
 K - a wand of disintegration (9)
 S - a wand of clouds (3)
 W - a wand of paralysis (6)
 X - a wand of flame (3)
Scrolls
 d - 10 scrolls of remove curse
 e - 3 scrolls of amnesia {unknown}
 g - 6 scrolls of magic mapping {unknown}
 k - 11 scrolls of identify
 l - a scroll of noise {unknown}
 m - 6 scrolls of teleportation
 n - 2 scrolls of enchant weapon {unknown}
 s - 2 scrolls of enchant armour {unknown}
 I - a scroll of acquirement {unknown}
 L - a scroll of immolation {unknown}
 M - 4 scrolls of fog {unknown}
 T - a scroll of holy word {unknown}
Potions
 b - 11 potions of curing
 i - 4 potions of stabbing {unknown}
 j - 3 potions of lignification {unknown}
 p - 4 potions of might {unknown}
 r - a potion of resistance {unknown}
 w - 3 potions of flight {unknown}
 z - 8 potions of heal wounds {unknown}
 H - 2 potions of berserk rage {unknown}
 J - a potion of ambrosia {unknown}
 N - 2 potions of haste {unknown}
 O - a potion of degeneration {unknown}
 P - a potion of magic {unknown}
Comestibles
 c - 24 rations
 R - 6 chunks of flesh


   Skills:
 * Level 10.6 Fighting
 - Level 0.6 Long Blades
 - Level 8.3 Slings
 - Level 5.6 Dodging
 - Level 1.7 Stealth
 - Level 7.3 Shields
 - Level 7.6 Spellcasting
 - Level 6.1 Summonings
 - Level 13.1 Ice Magic


You had 11 spell levels left.
You knew the following spells:

 Your Spells              Type           Power        Failure   Level  Hunger
a - Freeze                Ice            ####         1%          1    None
b - Frozen Ramparts       Ice            ######       1%          3    #......
c - Ozocubu's Armour      Chrm/Ice       ####....     1%          3    #......
d - Hailstorm             Conj/Ice       ####....     1%          4    ###....
e - Summon Ice Beast      Ice/Summ       #####...     1%          4    ###....

Your spell library contained the following spells:

 Spells                   Type           Power        Failure   Level  Hunger
 Fulminant Prism          Conj/Hex       #.........   11%         4    ###....


Dungeon Overview and Level Annotations

Branches:
Dungeon (13/15)            Temple (1/1) D:7            Lair (0/6) D:8
  Sewer (visited)         Ossuary (visited)
    Orc: D:9-12      Vaults: D:13-14

Altars:
Ashenzari
Cheibriados
Dithmenos
Elyvilon
Fedhas
Gozag
Hepliaklqana
Kikubaaqudgha
Makhleb
Nemelex Xobeh
Okawaru
Qazlal
Ru
Sif Muna
Trog
Uskayaw
Vehumet
Wu Jian
Xom
Yredelemnul
Zin
The Shining One

Shops:
D:4 (   D:5 [

Annotations:
D:9 1 runed translucent door, Atahyed's ghost, journeyman MfSk


Innate Abilities, Weirdness & Mutations

You can be seen from farther away. (+LOS)
You can swim through water.
You cover ground slowly.
You can hop short distances.


Message History

The shadow hits you.
* * * LOW HITPOINT WARNING * * *
Unknown command.
The wall freezes the unseen horror. x2; The unseen horror hits you.
* * * LOW HITPOINT WARNING * * *
The centaur shoots an arrow.
The arrow barely misses the unseen horror.
The arrow hits you.
* * * LOW HITPOINT WARNING * * *
The wall freezes the unseen horror.
The unseen horror hits you.
* * * LOW HITPOINT WARNING * * *
You see here 2 arrows.
Unknown command.
The wall freezes the unseen horror. x2; The unseen horror misses you.
The wall freezes the unseen horror.
The unseen horror misses you.
The centaur shoots an arrow.
The arrow closely misses the unseen horror.
The arrow closely misses you.
The wall freezes the unseen horror.
The unseen horror hits you.
You die...

........)....#####...............
.............#............[......
.............#..................)
......[....).#...#########'######
......######)#...#.>.............
...)))#....#)###.#...............
......#....÷...#.(.c.............
...÷..#....#...###.W..........)..
###...#....#....@x...............
..'...######..####..........####.
..#...........# #..........# #.
..#...........# #..........# ##
..#...#######.# #..#########
###...# #.# #.[# ......# ### #..#
......# #..# ####### ####


You could see an unseen horror (invisible), a shadow and a centaur.

Vanquished Creatures
  A hydra (D:12)
  Erica (D:9)
  An unseen horror (D:12)
  A manticore (D:12)
  2 cyclopes
  Psyche (D:10)
  A centaur skeleton (D:12)
  An efreet (D:12)
  2 trolls
  A polar bear (D:8)
  Prince Ribbit (D:5)
  2 dream sheep (D:12)
  2 hippogriffs
  A hornet (D:12)
  6 yaks
  A hungry ghost (D:12)
  A water moccasin (D:6)
  5 black bears
  4 porcupines (D:8)
  3 sky beasts
  4 orc warriors
  7 ice beasts
  An eye of draining (D:12)
  3 phantoms
  6 ogres
  2 wolves (D:8)
  A crocodile (D:8)
  4 big kobolds (D:12)
  5 centaurs
  A nameless horror (D:5)
  7 bullfrogs
  A water moccasin zombie (Ossuary)
  3 scorpions
  12 killer bees
  2 wights (D:6)
  4 electric eels (D:8)
  3 howler monkeys
  2 crimson imps
  A bullfrog zombie (D:5)
  14 orc priests
  6 hounds
  4 jellies
  A bullfrog skeleton (D:9)
  2 iguanas
  Natasha (thrice) (D:4)
  16 orc wizards
  16 worker ants
  A bullfrog simulacrum (D:8)
  2 hound zombies (D:6)
  2 hound skeletons (D:4)
  2 mummies (Ossuary)
  A worker ant zombie (D:6)
  7 adders
  7 river rats
  3 shadow imps
  An ufetubus (D:8)
  6 adder zombies
  3 adder skeletons
  6 worms
  3 dart slugs
  4 leopard geckos
  49 orcs
  9 ball pythons
  6 giant cockroaches
  6 goblins
  5 hobgoblins
  7 jackals
  6 quokkas
  7 bats
  4 frilled lizards
  4 gnoll zombies (Ossuary)
  7 hobgoblin zombies (Ossuary)
  A jackal simulacrum (D:8)
  2 jackal skeletons (D:4)
  31 kobolds
  3 kobold zombies (Ossuary)
  6 orc zombies (Ossuary)
  A quokka skeleton (D:4)
  2 quokka zombies
  37 rats
  A rat zombie (D:7)
  2 fungi (D:8)
413 creatures vanquished.

Vanquished Creatures (collateral kills)
  Josephine (D:10)
  Harold (D:8)
  A two-headed ogre (D:12)
  A centaur zombie (D:12)
  A polar bear (D:8)
  A hippogriff (D:9)
  2 nameless horrors
  5 wraiths (D:10)
  A wyvern (D:10)
  2 hungry ghosts
  3 ice beasts (D:12)
  A sky beast (D:10)
  A phantom (D:7)
  A black bear (D:8)
  An ogre (D:9)
  A centaur (D:8)
  A bullfrog (D:8)
  4 wights (D:6)
  A crimson imp (D:8)
  A bullfrog zombie (D:8)
  A bullfrog simulacrum (D:8)
  A howler monkey skeleton (D:9)
  A white imp (D:8)
  3 jackals (D:10)
  A quokka (D:8)
  A kobold zombie (Ossuary)
  A fungus (D:8)
40 creatures vanquished.

Vanquished Creatures (others)
  An adder (D:8)
  17 fungi (D:8)
  7 plants (D:8)
25 creatures vanquished.

Grand Total: 478 creatures vanquished

Notes
Turn   | Place    | Note
-------+----------+-------------------------------------------
     0 | D:1      | gruber the Barachi Ice Elementalist began the quest for the
                  | Orb.
     0 | D:1      | Reached XP level 1. HP: 13/13 MP: 3/3
   176 | D:1      | Reached skill level 5 in Ice Magic
   272 | D:1      | Reached XP level 2. HP: 17/19 MP: 0/5
   954 | D:2      | Reached XP level 3. HP: 24/24 MP: 6/6
  1040 | D:2      | Learned a level 3 spell: Frozen Ramparts
  1044 | D:2      | Learned a level 3 spell: Ozocubu's Armour
  2232 | D:3      | Reached skill level 6 in Ice Magic
  2341 | D:3      | Reached XP level 4. HP: 3/30 MP: 1/9
  2896 | D:3      | Found an iron altar of Okawaru.
  3340 | D:4      | Noticed Natasha
  3347 | D:4      | Killed Natasha
  3347 | D:4      | Reached skill level 1 in Shields
  3347 | D:4      | Reached XP level 5. HP: 18/35 MP: 6/11
  3385 | D:4      | Noticed an ogre
  3394 | D:4      | Killed an ogre
  3395 | D:4      | Reached XP level 6. HP: 10/41 MP: 3/12
  3785 | D:4      | Found a hazy altar of Hepliaklqana.
  3891 | D:4      | Found an ornate altar of the Wu Jian Council.
  3992 | D:4      | Noticed Natasha
  4016 | D:4      | Killed Natasha
  4293 | D:4      | Found Tagel's Antique Weapon Emporium.
  4329 | D:4      | Reached skill level 5 in Shields
  4469 | D:4      | Learned a level 4 spell: Hailstorm
  4500 | D:4      | Noticed Natasha
  4561 | D:4      | Killed Natasha
  4610 | D:4      | Reached XP level 7. HP: 34/46 MP: 8/13
  5156 | D:5      | Entered Level 5 of the Dungeon
  5307 | D:5      | Found a white marble altar of Elyvilon.
  5490 | D:5      | Found a glowing drain.
  5536 | Sewer    | Entered a sewer
  6531 | D:5      | Found Sugg's Armour Shop.
  6681 | D:5      | Reached XP level 8. HP: 47/58 MP: 10/14
  7105 | D:5      | Noticed Prince Ribbit
  7114 | D:5      | Killed Prince Ribbit
  7114 | D:5      | Reached skill level 5 in Fighting
  7186 | D:5      | Found a snail-covered altar of Cheibriados.
  7861 | D:6      | Reached skill level 5 in Dodging
  8043 | D:5      | Learned a level 4 spell: Summon Ice Beast
  8412 | D:6      | Noticed a nameless horror
  8416 | D:6      | Killed a nameless horror
  8425 | D:6      | Reached skill level 1 in Summonings
  8436 | D:6      | Reached XP level 9. HP: 33/69 MP: 1/15
  9051 | D:6      | Reached skill level 5 in Summonings
  9997 | D:7      | Found a sand-covered staircase.
 10001 | D:7      | Reached skill level 5 in Spellcasting
 10019 | Ossuary  | Entered an ossuary
 10461 | D:7      | Found a bloodstained altar of Trog.
 10581 | D:7      | Found a staircase to the Ecumenical Temple.
 10608 | Temple   | Entered the Ecumenical Temple
 10796 | Temple   | Became a worshipper of Vehumet
 10851 | D:7      | Found a stormy altar of Qazlal.
 11140 | D:7      | Reached skill level 7 in Ice Magic
 11275 | D:7      | You fall into a shaft and drop 2 floors!
 11389 | D:9      | Reached skill level 8 in Ice Magic
 11473 | D:9      | Noticed Erica
 11486 | D:8      | Reached XP level 10. HP: 68/76 MP: 16/19
 11694 | D:8      | Reached skill level 9 in Ice Magic
 11762 | D:8      | Found a staircase to the Lair.
 12037 | D:8      | Reached skill level 10 in Ice Magic
 12046 | D:8      | Reached * piety under Vehumet
 12046 | D:8      | Offered knowledge of Foxfire by Vehumet.
 12549 | D:8      | Noticed Harold
 12573 | D:8      | Killed Harold
 12573 | D:8      | Reached skill level 11 in Ice Magic
 13938 | D:9      | Found a runed translucent door.
 13939 | D:9      | Found a shimmering altar of Xom.
 13939 | D:9      | Noticed Atahyed's ghost (journeyman MfSk)
 13939 | D:9      | Noticed a +3 broad axe of chaos
 13958 | D:9      | Killed Erica
 13958 | D:9      | Reached skill level 12 in Ice Magic
 14013 | D:9      | Found a basalt altar of Yredelemnul.
 14084 | D:9      | Reached ** piety under Vehumet
 14112 | D:9      | Offered knowledge of Magic Dart by Vehumet.
 14584 | D:9      | Reached skill level 13 in Ice Magic
 14584 | D:9      | Reached XP level 11. HP: 81/81 MP: 17/20
 14924 | D:9      | Found a glowing golden altar of the Shining One.
 14972 | D:10     | Entered Level 10 of the Dungeon
 15607 | D:10     | Offered knowledge of Static Discharge by Vehumet.
 15655 | D:10     | Identified the +5 hunting sling of Duty {speed, rElec MR+}
 15667 | D:10     | Noticed Psyche
 15784 | D:10     | Killed Psyche
 16932 | D:8      | Found an ancient bone altar of Kikubaaqudgha.
 16969 | D:8      | Found a blossoming altar of Fedhas.
 16986 | D:8      | Found a shadowy altar of Dithmenos.
 17476 | D:10     | Reached skill level 1 in Slings
 18394 | D:10     | Noticed Josephine
 18405 | D:10     | Killed Josephine
 18522 | D:11     | Noticed a cyclops
 18888 | D:11     | Noticed a cyclops
 18898 | D:11     | Reached *** piety under Vehumet
 18903 | D:11     | Killed a cyclops
 18903 | D:11     | Reached skill level 5 in Slings
 18924 | D:11     | Offered knowledge of Fulminant Prism by Vehumet.
 19268 | D:12     | Noticed an unseen horror
 19277 | D:12     | Killed an unseen horror
 19572 | D:12     | Found a frozen archway.
 20043 | D:12     | Noticed a two-headed ogre
 20055 | D:12     | Killed a two-headed ogre
 20055 | D:12     | Reached XP level 12. HP: 88/88 MP: 18/23
 21458 | D:12     | Noticed a three-headed hydra
 21462 | D:12     | Killed a three-headed hydra
 21933 | D:12     | Reached skill level 10 in Fighting
 21941 | D:12     | Reached **** piety under Vehumet
 22185 | D:12     | HP: 4/99 [centaur/arrow (4)]
 22186 | D:12     | Slain by an unseen horror

Illustrated notes

Levels and vault maps discovered:
D:1:      dpeg_arrival_tiny_h, layout_rooms, minmay_misc_feat_alley
D:2:      layout_basic
D:3:      layout_rooms, lemuel_round_altar
D:4:      layout_loops_corners, grunt_temple_overflow_open, serial_shops,
          kennysheep_mini, first_ration, uniq_natasha
D:5:      layout_loops_ring, lemuel_coloured_pillars_altar, elyvilon_altar_5,
          portal_sewer_entry_e, kennysheep_windowed_goal, uniq_prince_ribbit1
D:6:      layout_basic
D:7:      layout_basic, trog_ov_bears_minmay, lemuel_doored_altar,
          minmay_temple_entry_tees, serial_glass, glass_columns_c,
          glass_columns_b, feat_on_display, due_unseen_surprise,
          feat_on_display, feat_on_display, enter_ossuary_4, minmay_fountain_box
D:8:      layout_cave_pods, kiku_gazebo_pond_becter, kennysheep_mini_moat,
          kennysheep_little_box, due_lair_maze_entry_diamond, serial_ice,
          serial_ice_f, serial_ice_j, serial_ice_g, serial_ice_h, serial_ice_m,
          serial_ice_e, serial_ice_d, serial_ice_o, serial_ice_a, serial_ice_n,
          uniq_harold
D:9:      layout_loops_cross, nicolae_overflow_crystal_walls, marbit_many_paths,
          ebering_ghost_xom, uniq_erica
D:10:     layout_basic, uniq_josephine, uniq_psyche
D:11:     layout_cave_pools, orc_0_dummy
D:12:     layout_irregular_city, portal_ice_cave_entry_ice_beasts,
          hangedman_ranch [blue_anna_fruit_fields]
D:13:     layout_rooms, minmay_liquid_box
Temple:   dpeg_chambers_temple

Skill      XL: |  1  2  3  4  5  6  7  8  9 10 11 12 |
---------------+-------------------------------------+-----
Ice Magic      | 5 6 8 13 | 13.1
Spellcasting   | 3 4 6 7 |  7.6
Shields        | 1 3 5 7 |  7.3
Fighting       | 3 6 10 | 10.6
Dodging        | 5 |  5.6
Summonings     | 2 6 |  6.1
Slings         | 8 |  8.3
Long Blades    | |  0.6
Stealth        | |  1.7

Action                   |  1- 3 |  4- 6 |  7- 9 | 10-12 || total
-------------------------+-------+-------+-------+-------++-------
Melee: Spear             |    63 |    74 |   149 |       ||   286
       Hand axe          |       |       |   178 |    71 ||   249
       Scimitar          |       |       |       |    32 ||    32
 Fire: Hunting sling     |       |       |       |   402 ||   402
 Cast: Freeze            |    46 |    35 |    63 |    72 ||   216
       Frozen Ramparts   |     2 |    12 |    57 |    57 ||   128
       Summon Ice Beast  |       |       |    28 |    52 ||    80
       Ozocubu's Armour  |       |       |    10 |     3 ||    13
       Hailstorm         |       |       |       |    29 ||    29
 Abil: Hop               |     1 |       |     3 |     4 ||     8
Evoke: Wand              |       |       |       |     1 ||     1
  Use: Potion            |       |       |     2 |     3 ||     5
       Scroll            |       |       |       |     2 ||     2
 Stab: Sleeping          |     2 |     1 |     5 |       ||     8
       Distracted        |       |       |       |     1 ||     1
  Eat: Chunk             |     5 |     9 |    28 |    33 ||    75
       Ration            |       |       |     2 |     4 ||     6
Armor: Robe              |    14 |     9 |    42 |    22 ||    87
Dodge: Dodged            |    52 |    59 |   188 |   142 ||   441
Block: Buckler           |     2 |     9 |   172 |   155 ||   338
       Reflection        |       |       |    10 |    18 ||    28
       Rpst.: Scimitar   |       |       |       |     5 ||     5

Table legend:
 A = Non-vault XP
 B = Vault XP
 C = Vault XP percentage of total XP
 D = Non-vault monster count
 E = Vault monster count
 F = Vault count percentage of total count
                 A         B        C        D         E       F
            +---------+---------+-------+---------+---------+-------
      Total |   15819 |    9411 |  37.3 |     309 |     138 |  30.9
            +---------+---------+-------+---------+---------+-------
        D:1 |      33 |       0 |   0.0 |      21 |       0 |   0.0
        D:2 |      26 |       0 |   0.0 |      12 |       0 |   0.0
        D:3 |      99 |       0 |   0.0 |      25 |       0 |   0.0
        D:4 |     461 |      35 |   7.1 |      29 |       1 |   3.3
        D:5 |     530 |     471 |  47.1 |      25 |      11 |  30.6
        D:6 |    1319 |       0 |   0.0 |      28 |       0 |   0.0
        D:7 |     893 |     264 |  22.8 |      18 |       4 |  18.2
        D:8 |     706 |    2518 |  78.1 |      25 |      20 |  44.4
        D:9 |    1450 |     849 |  36.9 |      26 |       2 |   7.1
       D:10 |    1666 |    1923 |  53.6 |      31 |       7 |  18.4
       D:11 |    1452 |       0 |   0.0 |      15 |       0 |   0.0
       D:12 |    6801 |    3089 |  31.2 |      47 |      16 |  25.4
       D:13 |     383 |       0 |   0.0 |       7 |       0 |   0.0
      Sewer |       0 |     111 | 100.0 |       0 |      48 | 100.0
    Ossuary |       0 |     151 | 100.0 |       0 |      29 | 100.0
            +---------+---------+-------+---------+---------+-------
